 Dungeon Crawl Stone Soup version 0.14-a0-2723-gdc5d926 (webtiles) character file.

88 Badjas the Ducker (level 3, 0/27 HPs)
             Began as a Demonspawn Gladiator on Feb 19, 2014.
             Succumbed to poison (a potion of poison)
             ... on Level 2 of the Dungeon.
             The game lasted 00:12:55 (1319 turns).

Badjas the Ducker (Demonspawn Gladiator)            Turns: 1319, Time: 00:12:56

HP   0/27        AC  6     Str 15      XL: 3   Next: 41%
MP   3/3         EV 12     Int 15      God:
Gold 44          SH  0     Dex 13      Spells:  0 memorised,  2 levels left

rFire  + . .     SeeInvis .     j - +1 elf short sword (drain)
rCold  x . .     Clarity  .     b - +0 leather armour
rNeg   . . .     Conserve .     (no shield)
rPois  .         rCorr    .     c - +0 helmet
rElec  .         rRot     .     (no cloak)
SustAb . .       Spirit   .     (no gloves)
rMut   .         Warding  .     (no boots)
Saprov . . .     Stasis   .     (no amulet)
MR     .....                    (no ring)
                                p - ring of fire

@: about to teleport, brilliant, mildly poisoned, not resistant to hostile
enchantments, very unstealthy
A: slimy green scales 1, demonic guardian 1
a: no special abilities


You were on level 2 of the Dungeon.
You were not hungry.

You visited 1 branch of the dungeon, and saw 2 of its levels.

You collected 44 gold pieces.

Inventory:

Hand weapons
 a - a +0,+0 hand axe
 j - a +1,+1 elven short sword of draining (weapon)
Missiles
 d - a throwing net [torn]
 e - 25 stones
 k - 4 darts of frost
 l - 2 throwing nets
 m - 28 darts
 s - 12 javelins (quivered)
Armour
 b - a +0 leather armour (worn)
 c - a +0 helmet (worn)
Comestibles
 f - 2 bread rations
 g - an apple
 h - 11 grapes
 i - a meat ration
Scrolls
 o - a scroll of identify {unknown}
 t - a scroll of curse jewellery {unknown}
Jewellery
 p - a ring of fire (left hand)


   Skills:
 + Level 2.0 Fighting
 * Level 0.1 Short Blades
 - Level 3.0 Axes
 + Level 1.9 Throwing
 + Level 0.8 Armour
 + Level 3.4 Dodging


You had 2 spell levels left.
You didn't know any spells.

Dungeon Overview and Level Annotations

Branches:
Dungeon (2/16)

Altars:


Innate Abilities, Weirdness & Mutations

You are partially covered in slimy green scales (AC +2).
A weak demonic guardian rushes to your aid.


Message History

* * * LOW HITPOINT WARNING * * *
You feel sick.
Drink which item? (? for menu, Esc to quit)
You feel clever all of a sudden.
It was a potion of brilliance.
Drink which item? (? for menu, Esc to quit)
That liquid tasted very nasty...
You are more poisoned.
It was a potion of poison.
* * * LOW HITPOINT WARNING * * *
You feel sick.
You feel more attuned to fire.
p - a ring of fire (left hand)
* * * LOW HITPOINT WARNING * * *
You feel sick.
As you read the scroll labeled ATZIFU JUUGEBU, it crumbles to dust.
You feel strangely unstable.
It was a scroll of teleportation.
As you read the scroll labeled SUMAESE PISI, it crumbles to dust.
Use on which item? (\ to view known items) (? for menu, Esc to quit)
Nothing appears to happen.
You die...

♣.♣♣.#.#........#.# ♣♣♣#......###
#.# P..#.#.#..####..#.#
.♣.#...#...........
♣♣.#...#...######.# .♣.........#
#%# ##### ♣♣♣#..##.#.# #.# #....
..♣#..##.#.######.## #.##.
.♣♣♣.....#.#....@..# ###.##.
♣P♣♣♣..#.#.#.......# #..<##.
..♣♣♣..#.#.#.......##.#######.##.
.♣♣♣♣..#.#.#.....................
.P♣♣..............(........<...#.
.P....####.########..###########.
..P...........# #..# #.
.P....####....# #..###########.
..P...# ##########..#...........


There were no monsters in sight!

Vanquished Creatures
  An adder (D:2)
  4 goblins
  8 hobgoblins
  7 kobolds (D:1)
  An ooze (D:1)
  A ball python (D:1)
  6 bats
  A giant cockroach (D:1)
  3 giant newts
  5 rats
37 creatures vanquished.

Notes
Turn   | Place    | Note
--------------------------------------------------------------
     0 | D:1      | Badjas, the Demonspawn Gladiator, began the quest for the Orb.
     0 | D:1      | Reached XP level 1. HP: 16/16 MP: 1/1
   126 | D:1      | Reached skill level 3 in Dodging
   162 | D:1      | Gained mutation: You are partially covered in slimy green scales (AC +2). [demonic ancestry]
   162 | D:1      | Reached XP level 2. HP: 13/22 MP: 2/2
   908 | D:2      | Gained mutation: A weak demonic guardian rushes to your aid. [demonic ancestry]
   908 | D:2      | Reached XP level 3. HP: 27/27 MP: 3/3
  1317 | D:2      | HP: 1/27 [poison (a potion of poison)]
  1319 | D:2      | Succumbed to poison (a potion of poison)

Action                   || total
-------------------------++-------
Melee: Hand axe          ||    38
       Short sword       ||    60
Throw: Throwing net      ||     3
       Javelin           ||     3
  Use: Scroll            ||     2
       Potion            ||     2
